 Dungeon Crawl Stone Soup version 0.30-a0-168-g0b976cbdc4 (webtiles) character file.

Game seed: 13858464133575841382

171 qw the Chopper (level 5, -2/32 HPs)
             Began as a Gargoyle Fighter on Sept 29, 2022.
             Killed by divine providence
             ... invoked by an orc priest
              (13 damage)
             ... on level 3 of the Dungeon.
             The game lasted 00:01:03 (2485 turns).

qw the Chopper (Gargoyle Fighter)                   Turns: 2485, Time: 00:01:03

Health: -2/32      AC: 19    Str: 21    XL:     5   Next: 51%
Magic:  5/5        EV:  9    Int:  9    God:
Gold:   150        SH:  0    Dex:  9    Spells: 4/4 levels left

rFire   . . .      SeeInvis .    Y - +1 war axe (protect)
rCold   . . .      Faith    .    c - +0 buckler
rNeg    + . .      Spirit   .    b - +0 scale mail
rPois   inf        Reflect  .    (no helmet)
rElec   +          Harm     .    (no cloak)
rCorr   .          Rampage  .    (no gloves)
Will    .....                    j - +0 pair of boots
Stlth   ..........               (no amulet)
HPRegen 0.10/turn                (no ring)
MPRegen 0.09/turn                (no ring)

@: confused, under a protective aura
A: sickness immunity, AC +4, negative energy resistance 1, electricity
resistance, torment resistance 1, petrification resistance
a: no special abilities


You were on level 3 of the Dungeon.
You visited 1 branch of the dungeon, and saw 3 of its levels.

You collected 150 gold pieces.


Innate Abilities, Weirdness & Mutations

You are immune to sickness and miasma.
Your stone body is resilient. (AC +4)
You are immune to poison.
You resist negative energy. (rN+)
You are resistant to electric shocks. (rElec)
You are resistant to unholy torment.
You are immune to petrification.


   Skills:
 + Level 3.4 Fighting
 - Level 5.0 Axes
 - Level 3.2 Armour
 - Level 3.2 Shields


You had 4 spell levels left.
You didn't know any spells.
Your spell library was empty.

Inventory:

Hand Weapons
 g - a +0 flail
 Y - a +1 war axe of protection (weapon)
Armour
 b - a +0 scale mail (worn)
 c - a +0 buckler (worn)
 e - a +0 plate armour
 j - a +0 pair of boots (worn)
Jewellery
 f - a ring of wizardry
Scrolls
 h - a scroll of identify
Potions
 a - a potion of ambrosia {unknown}
 d - a potion of might
 l - 3 potions of heal wounds

Dungeon Overview and Level Annotations

Branches:
Dungeon (3/15)

Altars:

Shops:
D:3 :


Message History

You hit the orc priest but do no damage.
The orc barely misses you. The orc wizard casts a spell at you.
The magic dart hits you.
The orc priest mumbles some strange prayers to Beogh against you.
Beogh smites you!
2479 ||| DRINKING 4 potions of heal wounds.
You feel much better. The orc hits you but does no damage.
The orc priest hits you with a +0 club.
The orc wizard gestures at you while chanting.
You are confused.
The orc attacks as you move away! The orc completely misses you.
The orc priest attacks as you move away!
The orc priest hits you but does no damage.
The orc hits you but does no damage.
You bump into the rock wall.
The orc hits you with a +0 flail.
The orc wizard points at you and mumbles some strange words.
You resist with some effort. The orc priest completely misses you.
You slash the orc wizard!
Your weapon exudes an aura of protection.
The orc wizard is almost dead.
You closely miss the orc. You hit the orc priest.
The orc hits you but does no damage. The orc wizard barely misses you.
The orc priest invokes the aid of Beogh against you.
Beogh smites you! The orc barely misses you.
The orc priest hits you but does no damage.
The orc wizard hits you with a +0 dagger.
You hit the orc.
The orc is lightly wounded.
You hit the orc priest. You closely miss the orc wizard.
The orc hits you but does no damage.
The orc wizard gestures at you while chanting.
You are more confused.
The orc priest hits you but does no damage.
You're too confused to move!
The orc hits you with a +0 flail.
The orc priest mumbles some strange prayers to Beogh against you.
Beogh smites you!
You die...

#.......# .......#
####......#
#.........# ....###
#........ ........
#......# .........
#......# ###..........
#...ooo# .. ..........
#####@###.##..........
#.##~.#.~~#.#.....
#.#~~.#.~~#.~.....
#.#.~~#..~#..#.##)
#.#~7~.~7.~....>.)
#..~.~..#~..~.#.##
###......~.~..#.#
#..~.~~....##.#
#~#..~..~~~##.#


You could see an orc priest, an orc wizard and an orc.

Vanquished Creatures
  A scorpion (D:3)
  An orc wizard (D:3)
  2 worms
  7 orcs (D:3)
  5 ball pythons
  4 bats
  4 endoplasms
  6 giant cockroaches
  2 goblins
  7 hobgoblins
  8 jackals
  6 kobolds
  2 quokkas
  4 frilled lizards
  5 rats
64 creatures vanquished.

Notes
Turn   | Place    | Note
-------+----------+-------------------------------------------
     0 | D:1      | qw the Gargoyle Fighter began the quest for the Orb.
     0 | D:1      | Reached XP level 1. HP: 14/14 MP: 1/1
     0 | D:1      | 0 ||| qw: Version: 0.2-a-12-gaebbb33
     0 | D:1      | 0 ||| qw: Game counter: 1134
     0 | D:1      | 0 ||| qw: Always use a shield: true
     0 | D:1      | 0 ||| qw: God list: Okawaru
     0 | D:1      | 0 ||| qw: Allow faded altars: false
     0 | D:1      | 0 ||| qw: Do Orc after D:15 true
     0 | D:1      | 0 ||| qw: Do second Lair branch before Depths: true
     0 | D:1      | 0 ||| qw: Lair rune preference: random
     0 | D:1      | 0 ||| qw: Plans: Normal, Zot:1-4, God:TSO, Crypt, Tomb,
                  | Pan, Slime:5, Hells, Abyss, Orb
     0 | D:1      | 0 ||| PLANNING D:1-11
    66 | D:1      | Found a faded altar of an unknown god.
   127 | D:1      | Reached skill level 2 in Axes
   185 | D:1      | Reached XP level 2. HP: 18/19 MP: 2/2
   288 | D:1      | 288 ||| Stepping ~*~*~tactically~*~*~ (stealth).
   634 | D:1      | Reached skill level 3 in Axes
   682 | D:1      | Reached XP level 3. HP: 23/23 MP: 3/3
   783 | D:1      | 783 ||| Stepping ~*~*~tactically~*~*~ (stealth).
   915 | D:1      | 915 ||| UPGRADING to +0 pair of boots.
   920 | D:1      | 920 ||| READING 2 scrolls labelled UROSESHRALOE.
   921 | D:1      | 921 ||| READING scroll of brand weapon.
   921 | D:1      | 921 ||| BRANDING +0 war axe of freezing.
   922 | D:1      | 922 ||| READING scroll labelled FEEDOR KOWOIC.
   923 | D:1      | 923 ||| READING 2 scrolls labelled FACAETE KAPO.
   924 | D:1      | 924 ||| DRINKING 2 sedimented emerald potions.
  1028 | D:1      | 1028 ||| DROPPING potion of berserk rage.
  1130 | D:2      | 1130 ||| Stepping ~*~*~tactically~*~*~ (stealth).
  1242 | D:2      | 1242 ||| Stepping ~*~*~tactically~*~*~ (stealth).
  1442 | D:2      | 1442 ||| Stepping ~*~*~tactically~*~*~ (stealth).
  1557 | D:2      | Reached XP level 4. HP: 28/28 MP: 4/4
  1756 | D:2      | 1756 ||| READING scroll labelled ETUOXZAKIU.
  1757 | D:2      | 1757 ||| READING scroll labelled SEOBRO ZIUGIRUU.
  1758 | D:2      | 1758 ||| READING scroll labelled KUORIFROFUNK.
  1759 | D:2      | 1759 ||| READING scroll labelled YRO DIRUGAYJ.
  1760 | D:2      | 1760 ||| READING 3 scrolls of identify.
  1760 | D:2      | 1760 ||| IDENTIFYING red potion
  1761 | D:2      | 1761 ||| READING 2 scrolls of identify.
  1761 | D:2      | 1761 ||| IDENTIFYING pink potion
  1762 | D:2      | 1762 ||| DROPPING potion of flight.
  1881 | D:3      | Noticed a scorpion
  1892 | D:3      | Killed a scorpion
  1893 | D:3      | Reached skill level 4 in Axes
  1893 | D:3      | Reached XP level 5. HP: 25/32 MP: 5/5
  2090 | D:3      | Found Ofitta's Book Shop.
  2157 | D:3      | Reached skill level 5 in Axes
  2197 | D:3      | 2197 ||| DROPPING +0 whip.
  2478 | D:3      | HP: 8/32 [orc priest/divine providence (13)]
  2479 | D:3      | 2479 ||| DRINKING 4 potions of heal wounds.
  2485 | D:3      | Killed from afar by an orc priest

Levels and vault maps discovered:
D:1:      dpeg_arrival_three_same_balls, layout_basic,
          hellmonk_ecumenical_altar_crossroads, hangedman_decor_points,
          chequers_arboretum, chequers_serial_rivers_micro_b,
          minmay_strange_pillars
D:2:      layout_basic
D:3:      layout_basic, cheibrodos_worm_habitat, nicolae_overflow_crystal_walls,
          grunt_gozag_breadcrumbs, serial_rivers,
          chequers_serial_rivers_small_b, chequers_serial_rivers_marsh,
          chequers_serial_rivers_micro_e, chequers_serial_rivers_micro_d,
          serial_shops, shop

Skill      XL: |  1  2  3  4  5 |
---------------+----------------+-----
Axes           | 2 3 4 5 |  5.0
Fighting       | |  3.4
Armour         | |  3.2
Shields        | |  3.2

Action                   |  1- 3 |  4- 6 || total
-------------------------+-------+-------++-------
Melee: War axe           |   144 |    59 ||   203
  Use: Scroll            |     4 |     6 ||    10
       Potion            |     1 |     1 ||     2
Armor: Scale mail        |    74 |    50 ||   124
Dodge: Dodged            |    66 |    38 ||   104
Block: Buckler           |    23 |     9 ||    32

Table legend:
 A = Non-vault XP
 B = Vault XP
 C = Vault XP percentage of total XP
 D = Non-vault monster count
 E = Vault monster count
 F = Vault count percentage of total count
                 A         B        C        D         E       F
            +---------+---------+-------+---------+---------+-------
      Total |     245 |       0 |   0.0 |      64 |       0 |   0.0
            +---------+---------+-------+---------+---------+-------
        D:1 |      41 |       0 |   0.0 |      23 |       0 |   0.0
        D:2 |      44 |       0 |   0.0 |      24 |       0 |   0.0
        D:3 |     160 |       0 |   0.0 |      17 |       0 |   0.0
            +---------+---------+-------+---------+---------+-------
